 Dungeon Crawl Stone Soup version 0.27.1-33-g824d729ab1 (webtiles) character file.

Game seed: 14707859484827350822

2718 Exporg the Thaumaturge (level 9, -3/48 HPs)
             Began as a Deep Elf Air Elementalist on Dec 14, 2021.
             Was an Initiate of Vehumet.
             Slain by a gnoll sergeant (16 damage)
             ... on level 6 of the Dungeon.
             The game lasted 00:36:02 (8960 turns).

Exporg the Thaumaturge (Deep Elf Air Elementalist)  Turns: 8960, Time: 00:36:03

Health: -3/48      AC:  3    Str:  5    XL:     9   Next: 39%
Magic:  18/25      EV: 15    Int: 24    God:    Vehumet [......]
Gold:   892        SH:  0    Dex: 21    Spells: 18/28 levels left

rFire    . . .     SeeInvis .   d - +2 dagger (drain)
rCold    . . .     Faith    .   (no shield)
rNeg     . . .     Spirit   .   i - +0 robe
rPois    .         Reflect  .   (no helmet)
rElec    .         Harm     .   (no cloak)
rCorr    .         Rampage  .   (no gloves)
Will     .....                  o - +0 pair of boots
Stlth    +++.......             q - amulet of regeneration
HPRegen  1.16/turn              s - ring of flight
MPRegen  0.19/turn              y - +6 ring of dexterity

@: lethally poisoned (-3 -> -8), flying
A: no striking features
a: Renounce Religion


You were on level 6 of the Dungeon.
You worshipped Vehumet.
Vehumet was noncommittal.
You visited 1 branch of the dungeon, and saw 7 of its levels.
You also visited: Bailey.

You collected 892 gold pieces.

Inventory:

Hand Weapons
 d - a +2 dagger of draining (weapon)
 A - a +0 arbalest
Missiles
 g - 121 bolts
Armour
 a - a +0 robe
 e - a +0 robe
 i - a +0 robe (worn)
 o - a +0 pair of boots (worn)
Jewellery
 j - a ring of fire
 q - an amulet of regeneration (around neck)
 s - a ring of flight (left hand)
 y - a +6 ring of dexterity (right hand)
 C - a ring of resist corrosion
 H - a ring of protection from cold
 K - the amulet "Cuurph Xamao" {Reflect rC++ Int-5 SH+5}
   (You found it in a bailey)

   [amulet of reflection]

   It reflects blocked missile attacks.
   Int:       It affects your intelligence (-5).
   rC:        It greatly protects you from cold.
   SH:        It affects your SH (+5).
Wands
 r - a wand of paralysis (5)
 x - a wand of charming (8)
 D - a wand of digging (6)
Scrolls
 b - 7 scrolls of identify {unknown}
 h - a scroll of enchant weapon {unknown}
 k - a scroll of vulnerability {unknown}
 m - a scroll of immolation {unknown}
 p - a scroll of noise {unknown}
 t - a scroll of brand weapon {unknown}
 u - a scroll of fear {unknown}
 w - 2 scrolls of amnesia {unknown}
 G - a scroll of enchant armour {unknown}
 I - a scroll of fog {unknown}
 J - a scroll of silence {unknown}
Potions
 c - a potion of attraction {unknown}
 f - 3 potions of resistance {unknown}
 l - a potion of invisibility {unknown}
 v - 2 potions of curing {unknown}
 z - a potion of ambrosia {unknown}
 B - a potion of cancellation {unknown}
 E - 2 potions of degeneration {unknown}
 F - a potion of flight {unknown}


   Skills:
 + Level 1.8 Fighting
 + Level 1.6 Short Blades
 + Level 4.9 Dodging
 + Level 4.6 Stealth
 + Level 10.0 Spellcasting
 + Level 6.2 Conjurations
 + Level 7.5 Air Magic


You had 18 spell levels left.
You knew the following spells:

 Your Spells              Type           Power      Damage    Failure   Level
a - Shock                 Conj/Air       100%       1d9       1%          1
b - Static Discharge      Conj/Air       45%        N/A       1%          2
c - Swiftness             Air            48%        N/A       1%          3
d - Airstrike             Air            24%        N/A       2%          4

Your spell library contained the following spells:

 Spells                   Type           Power      Damage    Failure   Level
 Magic Dart               Conj           100%       1d8       1%          1
 Searing Ray              Conj           82%        3d6       1%          2
 Fulminant Prism          Conj/Hex       13%        3d9       14%         4


Dungeon Overview and Level Annotations

Branches:
Dungeon (7/15)             Bailey (visited)
 Temple: D:4-7

Altars:
Vehumet
Wu Jian

Shops:
D:2 [

Annotations:
D:2 Sigmund
D:6 makewrite's ghost, novice MiBe


Message History

Makewrite's ghost turns its malevolent gaze towards you.
Makewrite's ghost shrieks, "You must not succeed where I failed!"
The gnoll sergeant hits you from afar with a +6 vampiric spear!
The gnoll sergeant draws strength from your wounds!
There is a transporter here.
You enter the transporter and appear at another place.
You start resting.
HP restored.
You start resting.
Magic restored.
There's nothing to close nearby.
There is a transporter here.
You enter the transporter and appear at another place.
Casting: Shock (safe; 1% risk of failure)
Confirm with . or Enter, or press ? or * to list all spells.
Aiming: Airstrike (dangerous; 2% risk of failure)
Press: ? - help, Dir - move target, f/p - gnoll sergeant
Aim: a gnoll sergeant, wielding a +6 vampiric spear and wearing a +0 ring mail The air twists around and strikes the gnoll sergeant!
The gnoll sergeant is moderately wounded.
The gnoll sergeant hits you from afar with the +8 trident of Extinguishment {vamp, rC+ Dex-2 SInv}!
The gnoll sergeant hits you from afar with the +8 trident of Extinguishment {vamp, rC+ Dex-2 SInv}.
Items here: " $ ) [ †.
The gnoll sergeant hits you from afar with the +8 trident of Extinguishment {vamp, rC+ Dex-2 SInv}!
There is an open translucent door here.
Items here: ! $ ( ) ?.
The gnoll barely misses you.
Casting: Airstrike (dangerous; 2% risk of failure)
Confirm with . or Enter, or press ? or * to list all spells.
Aiming: Airstrike (dangerous; 2% risk of failure)
Press: ? - help, Dir - move target, f - gnoll, p - gnoll sergeant
Aim: a gnoll, wielding a +2 spear of venom The air twists around and strikes the gnoll!
The gnoll is heavily wounded.
Makewrite's ghost hits you. The gnoll misses you.
The gnoll hits you with a +2 spear of venom!
* * * LOW HITPOINT WARNING * * *
You are poisoned.
The gnoll sergeant hits you from afar with the +8 trident of Extinguishment {vamp, rC+ Dex-2 SInv}!
You die...

#..≈≈#...#.###.©.###.#...#≈≈.....
#..≈≈#...###.#####.###...#≈≈.....
#..≈≈###.....).........###≈≈)..##
...≈≈.8#.######'######.#8.≈≈...#
...≈≈.##.#.⌠.#..8#...#.##.≈≈...##
...≈≈.#..'.....g⌠#:..'..#.≈≈.#...
...≈≈.##.#.⌠.#gg8#...#.##.≈≈(##..
.#.≈≈.8#.######W######.#8.≈≈.##..
.#.≈≈###$.......@g.....###≈≈)####
.#.≈≈#...###.#####©###...#≈≈.# #.
...≈≈#...#.###.©.###.#...#≈≈.# #.
##.≈≈#####(..........#####≈≈.# #.
#.≈≈≈≈≈≈≈≈≈≈≈...≈≈≈≈≈≈≈≈≈≈≈.###.
#.≈≈≈≈≈≈≈≈≈≈≈...≈≈≈≈≈≈≈≈≈≈≈.....
#...........................###.
###.####..###....######......#..
#.# ##.# #...## #.........


You could see 2 gnoll sergeants, makewrite's ghost and 2 gnolls.

Vanquished Creatures
  A hornet (D:4)
  A water moccasin (D:3)
  5 orc warriors
  A black bear (D:5)
  A necrophage (D:7)
  An ice beast (D:6)
  3 ogres
  A sky beast (D:5)
  2 centaurs (D:7)
  A phantom (D:5)
  A kobold brigand (D:6)
  2 scorpions
  A water moccasin zombie (D:5)
  A wyvern skeleton (D:5)
  A centaur zombie (D:5)
  A bullfrog zombie (D:5)
  A gnoll shaman (D:6)
  2 orc priests (D:3)
  A bullfrog skeleton (D:6)
  7 hounds
  2 jellies
  2 centaur skeletons
  Terence (D:2)
  3 orc wizards
  A hound skeleton (D:4)
  3 gnolls (D:6)
  6 adders
  A white imp (D:5)
  2 ufetubi
  4 worms
  A dart slug (D:1)
  13 orcs
  5 ball pythons
  3 bats (D:3)
  9 endoplasms
  12 goblins
  9 hobgoblins
  2 jackals (D:3)
  9 quokkas
  4 frilled lizards
  24 kobolds
  8 rats
159 creatures vanquished.

Vanquished Creatures (others)
  15 plants
  A withered plant (D:1)
16 creatures vanquished.

Grand Total: 175 creatures vanquished

Notes
Turn   | Place    | Note
-------+----------+-------------------------------------------
     0 | D:1      | Exporg the Deep Elf Air Elementalist began the quest for
                  | the Orb.
     0 | D:1      | Reached XP level 1. HP: 10/10 MP: 6/6
   247 | D:1      | Reached XP level 2. HP: 15/15 MP: 2/8
   708 | D:1      | Reached XP level 3. HP: 19/19 MP: 10/10
   738 | D:1      | Found a faded altar of an unknown god.
  1466 | D:2      | Reached skill level 4 in Spellcasting
  1623 | D:2      | Learned a level 2 spell: Static Discharge
  1649 | D:2      | Found Baof's Antique Armour Boutique.
  1654 | D:2      | Noticed Terence
  1711 | D:2      | Killed Terence
  1712 | D:2      | Reached XP level 4. HP: 8/24 MP: 2/12
  2219 | D:2      | Noticed Sigmund
  3023 | D:3      | Noticed a water moccasin
  3324 | D:3      | Killed a water moccasin
  3325 | D:3      | Reached skill level 5 in Spellcasting
  3325 | D:3      | Reached XP level 5. HP: 13/28 MP: 3/14
  3573 | D:3      | Learned a level 3 spell: Swiftness
  3954 | D:3      | Reached XP level 6. HP: 33/33 MP: 2/16
  4323 | D:4      | Reached skill level 6 in Spellcasting
  4882 | D:4      | Reached skill level 1 in Short Blades
  4906 | D:4      | Noticed a hornet
  4910 | D:4      | Killed a hornet
  4911 | D:4      | Reached XP level 7. HP: 37/37 MP: 12/19
  5140 | D:5      | Entered Level 5 of the Dungeon
  5210 | D:5      | Found a radiant altar of Vehumet.
  5223 | D:5      | Reached skill level 5 in Air Magic
  5291 | D:5      | Reached skill level 7 in Spellcasting
  5513 | D:5      | Reached skill level 1 in Fighting
  5764 | D:5      | Reached XP level 8. HP: 43/43 MP: 14/21
  6104 | D:4      | Learned a level 4 spell: Airstrike
  6177 | D:5      | Reached skill level 5 in Conjurations
  6372 | D:5      | Reached skill level 8 in Spellcasting
  7179 | D:6      | Identified the +8 trident of Extinguishment {vamp, rC+
                  | Dex-2 SInv}
  7179 | D:6      | Identified the +1 ring mail "Dituerch" {rPois Str+4 Dex+3}
  7182 | D:6      | Found a transporter.
  7188 | D:6      | Found a transporter.
  7587 | D:6      | Noticed makewrite's ghost (novice MiBe)
  7697 | D:6      | Reached skill level 9 in Spellcasting
  7697 | D:6      | Reached XP level 9. HP: 47/47 MP: 8/24
  7793 | D:7      | Found a flagged portal.
  7952 | D:7      | Found an ornate altar of the Wu Jian Council.
  8180 | Bailey   | Entered a bailey
  8648 | Bailey   | Found an iron altar of Okawaru.
  8656 | Bailey   | Identified the amulet "Cuurph Xamao" {Reflect rC++ Int-5
                  | SH+5}
  8825 | D:5      | Became a worshipper of Vehumet
  8855 | D:6      | Reached skill level 10 in Spellcasting
  8960 | D:6      | Slain by a gnoll sergeant

Illustrated notes

Levels and vault maps discovered:
D:1:      minmay_arrival_loop, layout_basic,
          shapermc_ecumenical_altar_flowoftime
D:2:      layout_basic, serial_shops, nicolae_shop_overgrown_old_shop,
          chequers_avenue, uniq_sigmund, uniq_terence
D:3:      layout_basic, kennysheep_generic_room_3
D:4:      layout_loops_cross
D:5:      layout_basic, vehumet_crystals, st_stairs_1,
          hangedman_abyss_or_decor_stabs, minmay_misc_feat_enclosed,
          corexii_shack, chequers_serial_rivers_marsh
D:6:      layout_loops_ring, gammafunk_ghost_gnarly_gnolls,
          serial_bayou_crossing
D:7:      layout_basic, nzn_wu_jian_contemplation, minmay_temple_entry_poolview,
          enter_bailey_5

Skill      XL: |  1  2  3  4  5  6  7  8  9 |
---------------+----------------------------+-----
Spellcasting   | 4 5 6 7 9 10 | 10.0
Conjurations   | 2 3 4 5 6 |  6.2
Dodging        | 3 4 |  4.9
Stealth        | 3 4 |  4.6
Air Magic      | 4 5 6 7 |  7.5
Short Blades   | 1 |  1.6
Fighting       | 1 |  1.8

Action                   |  1- 3 |  4- 6 |  7- 9 || total
-------------------------+-------+-------+-------++-------
Melee: Dagger            |    45 |    46 |    20 ||   111
 Cast: Shock             |    60 |    83 |   128 ||   271
       Static Discharge  |     4 |    11 |    30 ||    45
       Swiftness         |       |     1 |     2 ||     3
       Airstrike         |       |       |    19 ||    19
  Use: Potion            |     1 |     1 |     2 ||     4
 Stab: Sleeping          |       |     4 |     2 ||     6
Armor: Robe              |     2 |    20 |    20 ||    42
Dodge: Dodged            |    22 |    47 |    74 ||   143
